[Event "Team 45 45 League T66"]
[Site "Internet Chess Club"]
[Date "2015.10.04"]
[Round "5"]
[White "santiagoelawad"]
[Black "room-matt"]
[Result "1/2-1/2"]
[WhiteElo "2064"]
[BlackElo "1858"]
[Opening "English: Anglo-Grünfeld defense"]
[ECO "A16"]
[Time "15:18:02"]
[TimeControl "2700+45"]

1. c4 Nf6 2. Nc3 d5 3. cxd5 Nxd5 4. Nf3 e6 5. d4 Bb4 6. Bd2 c6 7. a3 Nxc3 8.
bxc3 Bd6 9. g3 b6 10. Bg2 Bb7 11. O-O O-O 12. a4 c5 13. a5 bxa5 14. Qb1 Qb6 15.
Qc2 Bxf3 16. Bxf3 Nc6 17. Rfb1 Qc7 18. Qa4 Rac8 19. Rb5 a6 20. Rb2 cxd4 21. cxd4
Nxd4 22. Bxa5 Nxf3+ 23. exf3 Qc6 24. Qxc6 Rxc6 25. Rb7 Rb8 26. Rab1 Rxb7 27.
Rxb7 g6 28. Bd2 Kg7 29. Be3 Bc5 30. Bxc5 Rxc5 31. Ra7 a5 32. f4 Rc1+ 33. Kg2 Ra1
34. h4 h5 35. Kf3 a4 36. Ke3 Ra2 37. Kf3 Kf6 38. Kg2 Ra1 39. Kf3 a3 40. Ke4 a2
41. Kf3 Kg7 42. Ra8 f5 43. Ra6 Kf7 44. Ra7+ Ke8 45. Ra8+ Ke7 46. Ra7+ Kd6 47.
Ra6+ Kc7 48. Ra7+ Kb6 49. Ra8 Kb7 50. Ra3 Kb6 51. Ra8 Kb5 52. Rb8+ Ka4 53. Ra8+
Kb3 54. Rb8+ Kc2 55. Rc8+ Kb2 56. Rb8+ Kc1 57. Rc8+ Kd1 58. Ra8 {Game drawn by
mutual agreement} 1/2-1/2

[Event "Team 45 45 League T66"]
[Site "Internet Chess Club"]
[Date "2015.10.05"]
[Round "5"]
[White "Goli"]
[Black "VictorRed"]
[Result "1-0"]
[WhiteElo "1687"]
[BlackElo "1787"]
[Opening "Petrov: Nimzovich attack"]
[ECO "C42"]
[Time "16:01:25"]
[TimeControl "2700+45"]

1. e4 e5 2. Nf3 Nf6 3. Nxe5 d6 4. Nf3 Nxe4 5. Nc3 Nxc3 6. dxc3 Be7 7. Bd3 Bg4 8.
Bf4 Nc6 9. h3 Bh5 10. g4 Bg6 11. Qe2 Bxd3 12. cxd3 Qd7 13. O-O-O O-O-O 14. d4
Rde8 15. Qd3 h6 16. Rde1 Bf6 17. Nd2 g5 18. Bg3 Ne7 19. Qf3 Ng8 20. Rxe8+ Qxe8
21. Ne4 Qd8 22. Re1 Kb8 23. Qf5 b6 24. Qd5 Qe7 25. Re3 Qe6 26. Qb5 Qc8 27. Nxd6
cxd6 28. Bxd6+ Kb7 29. Re8 Bd8 30. a4 h5 31. a5 a6 32. Qd5+ Qc6 33. Qxf7+ Bc7
34. Be5 Rh6 35. Rxg8 hxg4 36. Rg7 gxh3 37. Bxc7 Rh8 38. Bxb6+ Kc8 39. Qf5+ Kb8
40. Qe5+ {Black resigns} 1-0

[Event "Team 45 45 League T66"]
[Site "Internet Chess Club"]
[Date "2015.10.03"]
[Round "5"]
[White "Heian"]
[Black "zap2"]
[Result "0-1"]
[WhiteElo "1678"]
[BlackElo "1819"]
[Opening "Caro-Kann defense"]
[ECO "B12"]
[Time "08:48:34"]
[TimeControl "2700+45"]

1. e4 c6 2. d4 d5 3. Bd3 dxe4 4. Bxe4 Nf6 5. Bf3 Bf5 6. Ne2 e6 7. O-O Bd6 8. c3
Qc7 9. Ng3 Bg6 10. Qe2 h5 11. Kh1 h4 12. Ne4 Nxe4 13. Bxe4 Bxe4 14. Qxe4 Bxh2
15. f4 Bg3 16. f5 Qd6 17. Bf4 Bxf4 18. Rxf4 h3 19. fxe6 hxg2+ 20. Kxg2 Qxe6 21.
Qxe6+ fxe6 22. Re4 Kf7 23. Nd2 Nd7 24. Nf3 Rh5 25. Rae1 Re8 26. Rg4 Kg8 27. Rge4
Kf7 28. Rf4+ Nf6 29. Rh4 Rxh4 30. Nxh4 g5 31. Nf3 Rg8 32. Re5 Nh7 33. Kg3 Kf6
34. Nd2 Ke7 35. Ne4 b6 36. Nf2 Nf6 37. Ng4 Nxg4 38. Kxg4 Kf6 39. Re2 Rh8 40.
Rf2+ Kg6 41. Re2 Rh4+ 42. Kg3 Kf5 43. Rf2+ Rf4 44. Rh2 Rg4+ 45. Kf3 Rf4+ 46. Kg3
Rg4+ 47. Kf3 Rh4 48. Re2 g4+ 49. Kg3 Rh3+ 50. Kg2 Rd3 51. Re5+ Kf4 52. Rxe6 Rd2+
53. Kg1 Kg3 54. Re3+ Kf4 55. Re6 Kf3 56. Rxc6 Rd1+ 57. Kh2 g3+ 58. Kh3 Rh1#
{White checkmated} 0-1

[Event "Team 45 45 League T66"]
[Site "Internet Chess Club"]
[Date "2015.10.03"]
[Round "5"]
[White "Duguesclin"]
[Black "gokuxxx"]
[Result "0-1"]
[WhiteElo "1664"]
[BlackElo "1447"]
[Opening "Neo-Indian (Seirawan) attack"]
[ECO "E00"]
[Time "15:51:54"]
[TimeControl "2700+45"]

1. d4 Nf6 2. c4 e6 3. Bg5 h6 4. Bh4 Nc6 5. Nf3 d5 6. e3 Bb4+ 7. Nc3 O-O 8. a3
Bxc3+ 9. bxc3 g5 10. Bg3 Ne4 11. Qc2 h5 12. h3 Nxg3 13. fxg3 Qf6 14. Be2 Qh6 15.
Qd2 Qg7 16. O-O g4 17. hxg4 hxg4 18. Nh4 Na5 19. Qa2 Qg5 20. Rf4 e5 21. dxe5
Qxe5 22. Bxg4 Qxe3+ 23. Kh2 Nxc4 24. Qc2 Be6 25. Nf5 Qe5 26. Nh6+ Kg7 27. Bxe6
Rh8 28. Rxf7+ Kxh6 29. Bh3 Raf8 30. Raf1 Ne3 31. Qd2 Rxf7 32. Rxf7 Kg6 33. Rf4
Qxf4 34. Qb2 Ng4+ 35. Kg1 Qe3+ 36. Kf1 Rf8+ {White resigns} 0-1

[Event "Team 45 45 League T66"]
[Site "Internet Chess Club"]
[Date "2015.10.05"]
[Round "5"]
[White "RUPIS"]
[Black "rubo"]
[Result "1-0"]
[WhiteElo "1692"]
[BlackElo "1575"]
[Opening "Caro-Kann: classical, Spassky variation"]
[ECO "B18"]
[Time "09:05:25"]
[TimeControl "2700+45"]

1. e4 c6 2. d4 d5 3. Nc3 dxe4 4. Nxe4 Bf5 5. Ng3 Bg6 6. Nf3 Nd7 7. h4 h6 8. h5
Bh7 9. Bd3 Bxd3 10. Qxd3 Ngf6 11. Bf4 e6 12. O-O-O Qa5 13. Kb1 O-O-O 14. Nd2 Be7
15. Nb3 Qa4 16. Rhe1 Nd5 17. Bd2 Bf6 18. Ne4 Be7 19. Qg3 Rhg8 20. Nd6+ Bxd6 21.
Qxd6 N7f6 22. Qe5 Nb4 23. a3 Nbd5 24. Rc1 Nd7 25. Qg3 b6 26. Qf3 N5f6 27. Bf4
Qc4 28. Bg3 Qa6 29. Qxc6# {Black checkmated} 1-0

[Event "Team 45 45 League T66"]
[Site "Internet Chess Club"]
[Date "2015.10.03"]
[Round "5"]
[White "nosir"]
[Black "Husky99"]
[Result "1-0"]
[WhiteElo "1475"]
[BlackElo "1299"]
[Opening "Réti: King's Indian attack (Barcza system)"]
[ECO "A07"]
[Time "19:00:30"]
[TimeControl "2700+45"]

1. Nf3 d5 2. g3 Nc6 3. Bg2 e5 4. d3 Nf6 5. Bg5 Be7 6. O-O O-O 7. c3 h6 8. Bxf6
Bxf6 9. e4 dxe4 10. dxe4 Be6 11. Nbd2 a6 12. Qc2 b5 13. b4 a5 14. bxa5 Nxa5 15.
Nb3 Qe7 16. Rfd1 Rfd8 17. Rxd8+ Qxd8 18. Nc5 Bc4 19. a4 Be7 20. Rd1 Qc8 21. Nd3
Bb3 22. Qd2 Bxd1 23. Qxd1 bxa4 24. Qxa4 f6 25. h4 Nb7 26. Qb3+ Kh8 27. Nfxe5
Ra1+ 28. Kh2 fxe5 29. Nxe5 Nd6 30. Ng6+ Kh7 31. Nxe7 Qe8 32. e5 Qxe7 33. exd6
Qxd6 34. Be4+ g6 35. Qf7+ Kh8 36. Bxg6 {Black resigns} 1-0

[Event "Team 45 45 League T66"]
[Site "Internet Chess Club"]
[Date "2015.10.03"]
[Round "5"]
[White "MateIn42"]
[Black "g8wrb"]
[Result "0-1"]
[WhiteElo "1378"]
[BlackElo "1331"]
[Opening "Robatsch (modern) defense"]
[ECO "B06"]
[Time "10:03:36"]
[TimeControl "2700+45"]

1. e4 g6 2. d4 d6 3. Nf3 Bg7 4. Be3 Nf6 5. Nc3 O-O 6. h3 b6 7. Qd2 Bb7 8. d5 c6
9. O-O-O cxd5 10. exd5 Ba6 11. Bh6 Qc7 12. Bxg7 Kxg7 13. Nb5 Qc5 14. Nfd4 Qxd5
15. Nc7 Qxa2 16. Qb4 Bxf1 17. Rhxf1 Na6 18. Qa3 Qxa3 19. bxa3 Nxc7 20. Rfe1 Rfe8
21. Nc6 Ne6 22. g3 Kf8 23. Re3 Rec8 24. Nb4 Rc4 25. Kb2 Rac8 26. c3 Ne4 {White
resigns} 0-1

[Event "Team 45 45 League T66"]
[Site "Internet Chess Club"]
[Date "2015.10.05"]
[Round "5"]
[White "SeniorCitizen"]
[Black "tamky70"]
[Result "1-0"]
[WhiteElo "1389"]
[BlackElo "1315"]
[Opening "French: advance, Paulsen attack"]
[ECO "C02"]
[Time "14:00:27"]
[TimeControl "2700+45"]

1. e4 e6 2. d4 d5 3. e5 c5 4. Nf3 Nc6 5. c3 Nh6 6. Bxh6 gxh6 7. Be2 Bd7 8. O-O
cxd4 9. cxd4 Ne7 10. Nc3 a6 11. Rc1 Ng6 12. Qd2 Bg7 13. Bd3 O-O 14. Ne2 f6 15.
Ng3 fxe5 16. Bxg6 hxg6 17. Nxe5 Bxe5 18. dxe5 Kg7 19. Qb4 Bc6 20. Qg4 Bd7 21.
Nh5+ Kh7 22. Nf6+ Rxf6 23. exf6 Qxf6 24. Rc7 Rd8 25. Rxb7 Qf5 26. Qb4 Kg8 27.
Qe7 Qg5 28. Rxd7 Qxe7 29. Rxe7 Rd6 30. Rc1 Rd8 31. Rxe6 d4 32. Rxg6+ Kf7 33.
Rxh6 d3 34. Rd1 a5 35. Rh3 d2 36. Kf1 Rc8 37. Rxd2 {Black resigns} 1-0

[Event "Team 45 45 League T66"]
[Site "Internet Chess Club"]
[Date "2015.10.07"]
[Round "5"]
[White "EFXBT"]
[Black "kutch"]
[Result "0-1"]
[WhiteElo "1461"]
[BlackElo "1572"]
[Opening "Nimzo-Indian: Leningrad variation"]
[ECO "E30"]
[Time "19:33:44"]
[TimeControl "2700+45"]

1. d4 Nf6 2. c4 e6 3. Nc3 Bb4 4. Bg5 h6 5. Bxf6 Qxf6 6. Nf3 c5 7. e3 b6 8. Be2
Bb7 9. O-O Bxc3 10. bxc3 O-O 11. a4 d5 12. cxd5 cxd4 13. cxd4 Bxd5 14. Nd2 Nc6
15. Bf3 Bxf3 16. Nxf3 Rac8 17. d5 Rfd8 18. e4 exd5 19. exd5 Nb4 20. Qd4 Qxd4 21.
Nxd4 Rxd5 22. Nb5 a6 23. Na3 Rdc5 24. Rab1 a5 25. Nb5 Nd5 26. h3 R8c6 27. Na7
Re6 28. Rb2 Nc3 29. Ra1 Rc4 30. Nb5 Nxa4 31. Rba2 Nc3 32. Nxc3 Rxc3 33. Kf1 Kf8
{White resigns} 0-1

[Event "Team 45 45 League T66"]
[Site "Internet Chess Club"]
[Date "2015.10.03"]
[Round "5"]
[White "PostMike"]
[Black "karthikkallam"]
[Result "1-0"]
[WhiteElo "1567"]
[BlackElo "1433"]
[Opening "Giuoco Piano"]
[ECO "C54"]
[Time "14:32:15"]
[TimeControl "2700+45"]

1. e4 e5 2. Nf3 Nc6 3. Bc4 Bc5 4. c3 Nf6 5. d3 d6 6. b4 Bb6 7. a4 a5 8. b5 Ne7
9. Qb3 O-O 10. O-O Bg4 11. Ng5 d5 12. exd5 Nexd5 13. Nd2 Rb8 14. Ba3 Re8 15.
Nge4 Qd7 16. Nxf6+ Nxf6 17. Rae1 c6 18. Kh1 Qc7 19. Ne4 Nxe4 20. dxe4 Rbd8 21.
f3 Be6 22. Rd1 Bxc4 23. Qxc4 Bf2 24. Rxd8 Rxd8 25. Rxf2 Rd1+ 26. Rf1 Qd7 27. h3
Rxf1+ 28. Qxf1 Qd2 29. Qc1 Qxc1+ 30. Bxc1 cxb5 31. axb5 a4 32. Ba3 f6 33. Kg1
Kf7 34. Kf2 Ke6 35. Ke3 Kd7 36. Kd3 Kc7 37. Kc4 Kb6 38. Kb4 Kc7 39. Kxa4 b6 40.
Kb4 h5 41. Kc4 g6 42. Kd5 Kd7 43. c4 g5 44. c5 bxc5 45. Kxc5 Kc7 46. b6+ Kb7 47.
Bc1 h4 48. Be3 Kb8 49. Kd6 Kc8 50. Ke6 Kb7 51. Kxf6 Kb8 52. Kxe5 g4 53. hxg4 h3
54. gxh3 Kb7 55. g5 Kc8 56. g6 Kb7 57. g7 Ka6 58. g8=Q Kb7 59. h4 Ka6 60. h5 Kb7
61. h6 Ka6 62. h7 Kb7 63. h8=Q Ka6 64. Kd5 Kb7 65. Kc5 Ka6 66. Qf7 Ka5 67. Qa1#
{Black checkmated} 1-0

[Event "Team 45 45 League T66"]
[Site "Internet Chess Club"]
[Date "2015.10.02"]
[Round "5"]
[White "MasterD"]
[Black "medsurg"]
[Result "0-1"]
[WhiteElo "1472"]
[BlackElo "1444"]
[Opening "French: advance, Paulsen attack"]
[ECO "C02"]
[Time "17:00:47"]
[TimeControl "2700+45"]

1. e4 e6 2. d4 d5 3. e5 c5 4. c3 Nc6 5. Nf3 Qb6 6. a3 Bd7 7. b4 cxd4 8. cxd4
Nge7 9. Be2 Nf5 10. Be3 Nxe3 11. fxe3 Be7 12. O-O f6 13. exf6 Bxf6 14. Nc3 Ne7
15. Qe1 Nf5 16. Qf2 O-O 17. Nd2 Nxd4 18. exd4 Bxd4 19. Nd1 Bxf2+ 20. Nxf2 Qe3
21. Bg4 Qxd2 {White resigns} 0-1

[Event "Team 45 45 League T66"]
[Site "Internet Chess Club"]
[Date "2015.10.03"]
[Round "5"]
[White "Aquaman"]
[Black "chessmaster5132"]
[Result "1-0"]
[WhiteElo "1300"]
[BlackElo "1251"]
[Opening "Blackmar-Diemer: Euwe defense"]
[ECO "D00"]
[Time "16:00:45"]
[TimeControl "2700+45"]

1. d4 d5 2. e4 dxe4 3. Nc3 Nf6 4. f3 exf3 5. Nxf3 e6 6. Bd3 Nc6 7. a3 Nxd4 8.
Nxd4 Qxd4 9. Bb5+ Bd7 10. Qxd4 Bxb5 11. Nxb5 Nd5 12. Nxa7 c6 13. Be3 Bd6 14.
Qxg7 Ke7 15. Bg5+ Kd7 16. Qxf7+ Ne7 17. Bxe7 Bxe7 18. Qf2 c5 19. O-O-O+ Bd6 20.
Qxc5 Rhd8 21. Qxd6+ Ke8 22. Qxe6+ Kf8 23. Rhf1+ Kg7 24. Qf7+ Kh8 25. Qf6+ Kg8
26. Rxd8+ Rxd8 27. Qxd8+ Kg7 28. Qe7+ Kh6 29. Rf6+ Kh5 30. Qxh7+ Kg5 31. Qf5+
Kh4 32. g3# {Black checkmated} 1-0

[Event "Team 45 45 League T66"]
[Site "Internet Chess Club"]
[Date "2015.10.05"]
[Round "5"]
[White "RD1974"]
[Black "Hal2001"]
[Result "1-0"]
[WhiteElo "1677"]
[BlackElo "1639"]
[Opening "Robatsch (modern) defense"]
[ECO "B06"]
[Time "15:33:36"]
[TimeControl "2700+45"]

1. e4 g6 2. d4 Bg7 3. Be3 c5 4. c3 cxd4 5. cxd4 d5 6. Nc3 dxe4 7. Nxe4 Nf6 8.
Bd3 O-O 9. h3 Nc6 10. Nf3 Nd5 11. O-O b6 12. Rc1 Bb7 13. a3 Rc8 14. Bb5 a6 15.
Ba4 Nxe3 16. fxe3 Nxd4 17. Rxc8 Qxc8 18. exd4 Bxe4 19. Ne5 Bxe5 20. dxe5 Qc5+
21. Kh1 Qxe5 22. Qe2 Qd5 23. Rd1 Qa8 24. Rd7 e6 25. Rd4 Bd5 26. Rf4 b5 27. Bc2
Rc8 28. Bd3 Qc6 29. Rf1 Bc4 30. Bxc4 Qxc4 31. Qf3 f5 32. Rd1 Qe4 33. Qg3 Qc2 34.
Rd7 Qxb2 35. Qd6 Qf6 36. Re7 Qa1+ 37. Kh2 Qe1 38. Rxe6 Qc3 39. Re7 Qc4 40. Qe5
Qc3 41. Re8+ {Black resigns} 1-0

[Event "Team 45 45 League T66"]
[Site "Internet Chess Club"]
[Date "2015.10.03"]
[Round "5"]
[White "ChessMaine"]
[Black "Bible-Believer"]
[Result "1-0"]
[WhiteElo "1539"]
[BlackElo "1508"]
[Opening "Queen's pawn game"]
[ECO "A45"]
[Time "20:02:51"]
[TimeControl "2700+45"]

1. d4 Nf6 2. e3 g6 3. Nf3 Bg7 4. c4 c5 5. Nc3 Nc6 6. Be2 O-O 7. O-O d5 8. dxc5
dxc4 9. Bxc4 Qa5 10. Bb5 Rd8 11. Qa4 Bd7 12. Bxc6 Qxa4 13. Bxa4 Bxa4 14. Nxa4
Rac8 15. b4 Nd5 16. Rb1 {Black resigns} 1-0

[Event "Team 45 45 League T66"]
[Site "Internet Chess Club"]
[Date "2015.10.01"]
[Round "5"]
[White "unclevinny"]
[Black "qingjoshua"]
[Result "0-1"]
[WhiteElo "1622"]
[BlackElo "1678"]
[Opening "Ruy Lopez: Anderssen variation"]
[ECO "C77"]
[Time "23:00:32"]
[TimeControl "2700+45"]

1. e4 e5 2. Nf3 Nc6 3. Bb5 a6 4. Ba4 Nf6 5. d3 b5 6. Bb3 Bc5 7. O-O O-O 8. Nc3
d6 9. Nd5 h6 10. c3 Bg4 11. Be3 Bxe3 12. fxe3 Bxf3 13. Qxf3 Nh7 14. a3 Na5 15.
Ba2 c6 16. Nb4 Ng5 17. Qh5 Ra7 18. h4 Nh7 19. g3 Nf6 20. Qf3 Qd7 21. Kh2 Nb7 22.
Rad1 Nc5 23. Kg2 Na4 24. Rb1 a5 25. Nc2 c5 26. d4 c4 27. Rfd1 Qb7 28. d5 Nc5 29.
b3 cxb3 30. Bxb3 Nfxe4 31. Bc4 Nxc3 32. Rxb5 Nxb5 33. Rb1 Rb8 34. Bxb5 Qc8 35.
Na1 Rab7 36. Qf1 Ne4 37. a4 Nd2 38. Qe1 Nxb1 39. Qxa5 {White resigns} 0-1

[Event "Team 45 45 League T66"]
[Site "Internet Chess Club"]
[Date "2015.10.01"]
[Round "5"]
[White "XGG123"]
[Black "burnsy"]
[Result "0-1"]
[WhiteElo "1322"]
[BlackElo "1609"]
[Opening "Sicilian: O'Kelly variation"]
[ECO "B28"]
[Time "21:00:28"]
[TimeControl "2700+45"]

1. e4 c5 2. Nf3 a6 3. d4 cxd4 4. Nxd4 Nf6 5. Nc3 e5 6. Nb3 Bb4 7. Bd3 Bxc3+ 8.
bxc3 Qc7 9. Bb2 d6 10. O-O b6 11. f3 O-O 12. Nd2 Bb7 13. Qe2 Nbd7 14. Ba3 Nc5
15. Bxc5 Qxc5+ 16. Kh1 Qxc3 17. Rab1 b5 18. a4 Nh5 19. axb5 Nf4 20. Qe3 Nxd3 21.
Qxd3 Qc7 22. Nc4 axb5 23. Rxb5 Ba6 24. Rb4 Rfc8 25. Qxd6 Bxc4 26. Qd2 Bxf1
{White resigns} 0-1

[Event "Team 45 45 League T66"]
[Site "Internet Chess Club"]
[Date "2015.10.03"]
[Round "5"]
[White "scostanzo212"]
[Black "FosterChess"]
[Result "1-0"]
[WhiteElo "1469"]
[BlackElo "1504"]
[Opening "Grünfeld: modern exchange variation"]
[ECO "D85"]
[Time "14:00:34"]
[TimeControl "2700+45"]

1. d4 Nf6 2. c4 g6 3. Nc3 d5 4. cxd5 Nxd5 5. e4 Nxc3 6. bxc3 Bg7 7. Nf3 c5 8.
Bb2 Qa5 9. Qd2 O-O 10. Bc4 Rd8 11. Rd1 Bg4 12. h3 Bxf3 13. gxf3 cxd4 14. cxd4
Qxd2+ 15. Rxd2 Nc6 16. d5 Bxb2 17. Rxb2 Na5 18. Be2 Rac8 19. O-O Rd6 20. Rd1 Rd7
21. Bb5 Rdc7 22. e5 Rc5 23. f4 a6 24. Bf1 b5 25. d6 exd6 26. Rxd6 R5c6 27. Rbd2
Rxd6 28. Rxd6 Rc6 29. Rxc6 Nxc6 30. Bg2 Nd8 31. Kh2 Kf8 32. Bd5 Ke7 33. Kg3 f6
34. h4 h5 35. Be4 f5 36. Bd5 a5 37. Kf3 Ne6 38. Bxe6 Kxe6 39. Ke3 Kd5 40. Kd3 b4
41. f3 a4 42. Kc2 b3+ 43. axb3 axb3+ 44. Kxb3 Ke6 45. Kc4 Kd7 46. Kd5 Ke7 47. e6
Kd8 48. Kd6 Ke8 49. e7 g5 50. fxg5 f4 51. Ke5 Kxe7 52. Kxf4 Kf7 53. Kf5 Kg7 54.
Ke6 Kg6 55. f4 Kg7 56. f5 Kf8 57. Kf6 Kg8 58. Ke7 Kg7 59. f6+ Kg6 60. f7 Kh7 61.
f8=Q Kg6 62. Qf7# {Black checkmated} 1-0

[Event "Team 45 45 League T66"]
[Site "Internet Chess Club"]
[Date "2015.10.04"]
[Round "5"]
[White "JefferyChess"]
[Black "komodeo"]
[Result "0-1"]
[WhiteElo "1863"]
[BlackElo "1658"]
[Opening "Sicilian defense"]
[ECO "B44"]
[Time "11:09:48"]
[TimeControl "2700+45"]

1. e4 c5 2. Nf3 e6 3. d4 cxd4 4. Nxd4 Nc6 5. c4 Nf6 6. Nc3 Bb4 7. f3 O-O 8. Nb5
d5 9. cxd5 exd5 10. exd5 Nxd5 11. a3 Re8+ 12. Be2 Qh4+ 13. g3 Bxc3+ 14. Nxc3
Nxc3 15. gxh4 Nxd1 16. Kxd1 Nd4 17. Re1 Bf5 18. Bf4 Rad8 19. Bd3 Bxd3 20. Rxe8+
Rxe8 21. Rc1 Ne2 22. Rc7 Nxf4 23. Rxb7 a6 24. b4 h5 25. a4 Be2+ 26. Kd2 Bxf3 27.
Rb6 Rd8+ 28. Kc2 Be4+ 29. Kb2 Nd5 30. Rxa6 Nxb4 31. Rb6 Nd5 32. Ra6 Rb8+ 33. Kc1
Rb1+ 34. Kd2 Rb2+ 35. Kc1 Rxh2 36. a5 Rc2+ 37. Kd1 Nc3+ 38. Ke1 Bd3 39. Ra8+ Kh7
40. Re8 Re2+ 41. Rxe2 Nxe2 42. Kd2 Ba6 43. Kc2 f5 44. Kb3 f4 45. Kb4 f3 46. Kc5
f2 {White resigns} 0-1

[Event "Team 45 45 League T66"]
[Site "Internet Chess Club"]
[Date "2015.10.04"]
[Round "5"]
[White "alexkolay"]
[Black "Constrictor"]
[Result "1-0"]
[WhiteElo "1900"]
[BlackElo "1570"]
[Opening "Budapest: Fajarowicz variation"]
[ECO "A51"]
[Time "20:01:50"]
[TimeControl "2700+45"]

1. d4 Nf6 2. c4 e5 3. dxe5 Ne4 4. Nf3 Nc6 5. Nbd2 Nc5 6. g3 d6 7. exd6 Bxd6 8.
Bg2 O-O 9. O-O Qf6 10. Nb3 Be6 11. Be3 Na4 12. Nbd4 Nxb2 13. Qc1 Nxc4 14. Nxe6
Nxe3 15. Nxf8 Nxf1 16. Nxh7 Kxh7 17. Ng5+ Kg8 18. Kxf1 Ba3 19. Ne4 Qe5 20. Qe1
Bb4 21. Qb1 Re8 22. a3 Ba5 23. Ra2 Bb6 24. Rd2 Rd8 25. f4 Qa5 26. Rxd8+ Nxd8 27.
Qd3 Ne6 28. Bh3 Qh5 29. Bxe6 fxe6 30. Ng5 c6 31. Qd7 Bc5 32. Qxe6+ Kf8 33. g4
Qe8 34. Nh7# {Black checkmated} 1-0

[Event "Team 45 45 League T66"]
[Site "Internet Chess Club"]
[Date "2015.10.04"]
[Round "5"]
[White "elessar"]
[Black "giantwood"]
[Result "1-0"]
[WhiteElo "1650"]
[BlackElo "1447"]
[Opening "Sicilian: dragon variation"]
[ECO "B70"]
[Time "09:00:26"]
[TimeControl "2700+45"]

1. e4 c5 2. Nf3 d6 3. d4 cxd4 4. Nxd4 Nf6 5. Nc3 g6 6. Be2 Bg7 7. O-O O-O 8. Bg5
Bd7 9. Kh1 Nc6 10. Nb3 Qc7 11. Qd2 Ne5 12. Bxf6 exf6 13. Nb5 Bxb5 14. Bxb5 a6
15. Be2 Rac8 16. c3 Qc6 17. f3 g5 18. Nd4 Qd7 19. Nf5 Rfd8 20. g4 d5 21. exd5
Qxd5 22. Ne7+ Kf8 23. Nxd5 Rc5 24. Qc2 Rcxd5 25. Rad1 R5d6 26. Rxd6 Rxd6 27. Rd1
Rxd1+ 28. Bxd1 {Black resigns} 1-0

[Event "Team 45 45 League T66"]
[Site "Internet Chess Club"]
[Date "2015.10.05"]
[Round "5"]
[White "moodle"]
[Black "Hal2001"]
[Result "1/2-1/2"]
[WhiteElo "1680"]
[BlackElo "1641"]
[Opening "Robatsch defense"]
[ECO "B34"]
[Time "21:04:44"]
[TimeControl "2700+45"]

1. e4 g6 2. d4 Bg7 3. Nc3 c5 4. Nf3 cxd4 5. Nxd4 Nc6 6. Nxc6 bxc6 7. Bd2 d6 8.
Bc4 Nf6 9. Bb3 O-O 10. h3 a5 11. Qe2 Ba6 12. Bc4 Bxc4 13. Qxc4 Qb6 14. b3 Nd7
15. O-O Ne5 16. Qe2 Rfd8 17. Rad1 Nd7 18. Kh1 e6 19. f4 Nc5 20. f5 a4 21. f6 Bh8
22. Be3 axb3 23. axb3 Qb4 24. Bd2 Qb7 25. Be3 Qb4 26. Bd2 Qb8 27. Bh6 Nd7 28.
Bg5 e5 29. h4 Re8 30. Rf3 Re6 31. Rdf1 Qd8 32. Qf2 Qb6 33. Qg3 h5 34. Rf5 Kh7
35. R5f3 Qd8 36. Qf2 Qb6 37. Qd2 Qd4 38. Qe1 d5 39. Rd3 Qc5 40. exd5 cxd5 41.
Rxd5 Qc6 42. Qd2 Nxf6 43. Bxf6 Rxf6 44. Rxf6 Ra1+ 45. Kh2 Qxf6 46. Kg3 Qf4+ 47.
Qxf4 exf4+ 48. Kxf4 Bxc3 49. Rd3 Be1 50. g3 Rc1 51. c4 Rc3 52. Rxc3 Bxc3 53. c5
f6 54. c6 Be5+ 55. Kf3 Bc7 56. b4 Kg7 57. b5 Kf7 58. Ke4 Ke6 59. Kd4 Kd6 60. Kc4
Bb6 61. Kd3 Ke5 62. Ke2 Kd5 63. Kf3 Kc5 64. Ke4 Kxb5 65. Kd5 Bc7 66. Ke6 Bxg3
67. Kxf6 Bxh4+ 68. Kxg6 Kxc6 69. Kxh5 {Game drawn because neither player has
mating material} 1/2-1/2

[Event "Team 45 45 League T66"]
[Site "Internet Chess Club"]
[Date "2015.10.05"]
[Round "5"]
[White "PolishRyszard"]
[Black "Percival"]
[Result "0-1"]
[WhiteElo "1918"]
[BlackElo "2029"]
[Opening "French: Réti (Spielmann) variation"]
[ECO "C00"]
[Time "07:00:53"]
[TimeControl "2700+45"]

1. e4 e6 2. b3 d5 3. Bb2 dxe4 4. Nc3 Nf6 5. g4 Nc6 6. g5 Nd5 7. Nxe4 h6 8. g6 f5
9. Ng3 Nf6 10. d4 Bb4+ 11. c3 Bd6 12. Bg2 O-O 13. N1e2 f4 14. Ne4 f3 15. Bxf3
Nxe4 16. Bxe4 Qh4 17. Qd3 Qxf2+ 18. Kd2 Bd7 19. Rag1 e5 20. d5 Ne7 21. Rg2 Qh4
22. Kc2 Nf5 23. Bc1 Bc5 24. Kb2 Nd6 25. Ng3 Bf2 26. Bf3 Bxg3 27. Rxg3 e4 28. Qd4
Nf5 29. Qxe4 Qxe4 30. Bxe4 Nxg3 31. hxg3 Rae8 32. Bd3 Rf2+ 33. Ka3 Rf3 34. Rd1
Bg4 35. Bc4 Rxc3 36. Rd4 Be2 37. Bd2 Rf3 38. d6+ Bxc4 39. dxc7 Be6 40. Re4 Rf6
41. Bf4 Rxg6 42. Ra4 a6 43. Re4 Kf7 44. Kb4 Bc8 45. Rd4 Rc6 46. g4 Re7 47. Rd8
Bxg4 48. Bd6 Rxd6 49. Rxd6 Rxc7 {White resigns} 0-1

[Event "Team 45 45 League T66"]
[Site "Internet Chess Club"]
[Date "2015.09.30"]
[Round "5"]
[White "HematiteBrown"]
[Black "LittleButton"]
[Result "1/2-1/2"]
[WhiteElo "2023"]
[BlackElo "1838"]
[Opening "French: Rubinstein variation"]
[ECO "C10"]
[Time "18:00:23"]
[TimeControl "2700+45"]

1. e4 e6 2. d4 d5 3. Nc3 dxe4 4. Nxe4 Nd7 5. Nf3 Ngf6 6. Bd3 c5 7. Bg5 cxd4 8.
Qe2 Bb4+ 9. Kf1 Be7 10. Rd1 Nxe4 11. Bxe7 Qxe7 12. Qxe4 Nc5 13. Bb5+ Bd7 14.
Bxd7+ Qxd7 15. Qxd4 Qxd4 16. Rxd4 Ke7 17. Ke2 Rad8 18. Rhd1 f6 19. Ke3 e5 20.
Rxd8 Rxd8 21. Rxd8 Kxd8 22. b4 Ne6 23. c4 Kd7 24. Ne1 Nd4 25. Nd3 Kd6 26. a4 g5
27. g4 b6 28. Ke4 Ke6 29. c5 Ne2 30. cxb6 Nc3+ 31. Ke3 Nd5+ 32. Ke4 Nc3+ 33. Ke3
Nd5+ 34. Kd2 axb6 35. a5 e4 36. axb6 Nxb6 37. Nc5+ Kd5 38. Ke3 Nc4+ 39. Ke2 Ne5
40. h3 Nc6 41. Nd7 Ke6 42. Nf8+ Kf7 43. Nxh7 Kg7 44. Nxg5 fxg5 45. Ke3 Nxb4 46.
Kxe4 Kf6 47. f4 gxf4 48. Kxf4 Nd3+ 49. Kg3 Ne5 50. Kf4 Nxg4 51. hxg4 Kg6 52. g5
Kg7 53. Kf5 Kf7 54. Kg4 Kg6 55. Kh4 Kg7 56. Kh5 Kh7 57. Kg4 Kg6 58. Kf4 Kg7 59.
Kf5 Kf7 60. g6+ Kg7 61. Kg5 Kg8 62. Kh6 Kh8 63. Kh5 Kg7 64. Kg5 Kg8 65. Kf5 Kg7
66. Kg5 Kg8 67. Kf6 Kf8 68. Ke6 Kg7 69. Kf5 Kg8 70. Kf6 Kf8 71. g7+ Kg8 72. Kg6
{Black stalemated} 1/2-1/2

[Event "Team 45 45 League T66"]
[Site "Internet Chess Club"]
[Date "2015.10.02"]
[Round "5"]
[White "diegoami"]
[Black "TerryMalloy"]
[Result "1/2-1/2"]
[WhiteElo "1773"]
[BlackElo "2025"]
[Opening "Sicilian: Najdorf"]
[ECO "B90"]
[Time "18:27:58"]
[TimeControl "2700+45"]

1. e4 c5 2. Nf3 d6 3. d4 cxd4 4. Nxd4 Nf6 5. Nc3 a6 6. f3 e5 7. Nb3 Be6 8. Be3
h5 9. Nd5 Bxd5 10. exd5 Nbd7 11. Qd2 g6 12. O-O-O Bg7 13. h3 Qc7 14. Kb1 Rc8 15.
Qd3 Nb6 16. Bxb6 Qxb6 17. g3 Qf2 18. Be2 Qxg3 19. Rdg1 Qf4 20. Nd2 Qd4 21. Qxd4
exd4 22. Ne4 Nxe4 23. fxe4 O-O 24. Bd3 Be5 25. Rg2 Kh8 26. Rf1 Rce8 27. Rgf2 Kg7
28. Rg2 h4 29. Rgf2 Bg3 30. Rf3 Re5 31. Kc1 Rg5 32. Kd1 Be5 33. a3 Rg2 34. R1f2
Rxf2 35. Rxf2 Re8 36. Kc1 Bg3 37. Rf1 Re5 38. Kd1 Rg5 39. Rg1 Bf4 40. Rxg5 Bxg5
41. Ke2 Bc1 42. a4 Bxb2 43. Kf3 Kf6 44. Kg4 Ke5 45. Kg5 Bc1+ 46. Kg4 {Game drawn
by mutual agreement} 1/2-1/2